 Dungeon Crawl Stone Soup version 0.28-a0-1114-g8eb0198dcf (webtiles) character file.

Game seed: 6687087157963394139

0 Gargoyl the Skirmisher (level 1, -4/23 HPs)
             Began as a Gnoll Abyssal Knight on Dec 11, 2021.
             Was a Follower of Lugonu.
             Slain by a spatial maelstrom (10 damage)
             ... on level 3 of the Abyss.
             The game lasted 00:00:59 (432 turns).

Gargoyl the Skirmisher (Gnoll Abyssal Knight)        Turns: 432, Time: 00:00:59

Health: -4/23      AC:  5    Str: 12      XL:     1   Next: 0%
Magic:  3/3        EV: 11    Int:  9      God:    Lugonu [*.....]
Gold:   34         SH:  0    Dex:  8 (12) Spells: 0/0 levels left

rFire   . . .      SeeInvis .   a - +1 hand axe
rCold   . . .      Faith    .   (no shield)
rNeg    . . .      Spirit   .   b - +1 leather armour
rPois   .          Reflect  .   c - +0 helmet
rElec   .          Harm     .   (no cloak)
rCorr   .          Rampage  .   (no gloves)
Will    .....                   (no boots)
Stlth   +.........              (no amulet)
HPRegen 0.07/turn               (no ring)
MPRegen 0.08/turn               (no ring)

@: slowed, very slow
A: fangs 1, strong nose, distributed training
a: Renounce Religion, Depart the Abyss


You were on level 3 of the Abyss.
You worshipped Lugonu.
Lugonu was aware of your devotion.
You visited 0 branches of the dungeon, and saw 0 of its levels.
You visited the Abyss 1 time.

You collected 34 gold pieces.

Inventory:

Hand Weapons
 a - a +1 hand axe (weapon)
Armour
 b - a +1 leather armour (worn)
 c - a +0 helmet (worn)


   Skills:
 + Level 6.4 Fighting
 + Level 0.0 Short Blades
 + Level 0.0 Long Blades
 + Level 4.4 Axes
 + Level 0.0 Maces & Flails
 + Level 0.0 Polearms
 + Level 0.0 Staves
 + Level 0.0 Slings
 + Level 0.0 Bows
 + Level 0.0 Crossbows
 + Level 0.0 Throwing
 + Level 4.4 Armour
 + Level 2.3 Dodging
 + Level 0.0 Stealth
 + Level 0.0 Shields
 + Level 0.0 Unarmed Combat
 + Level 0.0 Spellcasting
 + Level 0.0 Conjurations
 + Level 0.0 Hexes
 + Level 0.0 Summonings
 + Level 0.0 Necromancy
 + Level 0.0 Translocations
 + Level 0.0 Transmutations
 + Level 0.0 Fire Magic
 + Level 0.0 Ice Magic
 + Level 0.0 Air Magic
 + Level 0.0 Earth Magic
 + Level 0.0 Poison Magic
 + Level 4.4 Invocations
 + Level 0.0 Evocations


You couldn't memorise any spells.
You didn't know any spells.
Your spell library was empty.

Dungeon Overview and Level Annotations

Branches:
Dungeon (0/15)

Altars:


Innate Abilities, Weirdness & Mutations

You have very sharp teeth.
Your uncanny sense of smell can sniff out nearby items.
Your experience applies equally to all skills.


Message History

Found a gateway leading deeper into the Abyss.
There is a gateway leading deeper into the Abyss here.
Found a scroll labelled AGUFRA JUNOLUY.
c - a scroll labelled AGUFRA JUNOLUY
There is a gateway leading deeper into the Abyss here.
As you read the scroll labelled AGUFRA JUNOLUY, it crumbles to dust.
It is a scroll of enchant armour.
Your +0 leather armour glows green for a moment.
You plunge deeper into the Abyss.
The abyssal rune of Zot can be found at this depth.
Found a leather armour.
Found a ring mail and a helmet.
You now have 34 gold pieces.
You see here a +0 helmet.
c - a +0 helmet You start putting on your armour.
You continue putting on your +0 helmet. x4
You finish putting on your +0 helmet.
Found a plate armour.
A worldbinder comes into view.
The worldbinder calls forth creatures from the Swamp!
The bog body points at you and mumbles some strange words.
You feel yourself slow down. The swamp drake breathes poison at you.
The worldbinder calls forth creatures from the Swamp!
The bog body points at you and mumbles some strange words.
You feel as though you will be slow longer.
Unknown command.
Found 19 gold pieces and a leather armour.
A spatial maelstrom comes into view.
A spatial vortex comes into view.
The spatial maelstrom hits you!
Ouch! That really hurt!
Space warps around you. The spatial maelstrom misses you.
The worldbinder hits you. x2
* * * LOW HITPOINT WARNING * * *
Unknown command.
The spatial vortex closely misses you.
The spatial maelstrom barely misses you.
The spatial maelstrom hits you!
You die...

#...°.##....# ###
#..°°...#### ##.
°.###.# .#..##.#[#
#.#..#.#.#
#......###
#...##..#..##
..#.#.$...#x.##.##
.....###..@v......#
.#.# #.#v....#[...
. #.....##.....#
....#... ###...
..#..##.. .. #...
#..# . ... ...# ...
....


You could see a spatial maelstrom, a spatial vortex and a worldbinder.

Vanquished Creatures (others)
  13 starspawn tentacles (Abyss:1)
13 creatures vanquished.

Notes
Turn   | Place    | Note
-------+----------+-------------------------------------------
     0 | Abyss:1  | Gargoyl the Gnoll Abyssal Knight began the quest for the
                  | Orb.
     0 | Abyss:1  | Reached XP level 1. HP: 23/23 MP: 3/3
    38 | Abyss:1  | Found a corrupted altar of Lugonu.
   135 | Abyss:1  | Noticed a tentacled starspawn
   149 | Abyss:1  | Noticed a small abomination
   179 | Abyss:1  | Found a corrupted altar of Lugonu.
   185 | Abyss:1  | Found a corrupted altar of Lugonu.
   198 | Abyss:1  | Noticed a quasit
   212 | Abyss:1  | Noticed an ogre
   218 | Abyss:1  | Noticed a sixfirhy
   416 | Abyss:3  | Noticed a titan skeleton
   423 | Abyss:3  | Noticed a worldbinder
   424 | Abyss:3  | Noticed a swamp drake
   424 | Abyss:3  | Noticed a bog body
   428 | Abyss:3  | Noticed a swamp drake
   428 | Abyss:3  | Noticed a goliath frog
   429 | Abyss:3  | Noticed a spatial maelstrom
   430 | Abyss:3  | Noticed a spatial vortex
   432 | Abyss:3  | Slain by a spatial maelstrom

Illustrated notes

Levels and vault maps discovered:
Abyss:3:  base: Temple, nicolae_abyss_rune_star_stuff

Action                   || total
-------------------------++-------
  Use: Scroll            ||     2
       Potion            ||     1
Armor: Leather armour    ||     8
Dodge: Dodged            ||    13

Table legend: (Time is in decaauts)
 A = Elapsed time spent in this place.
 B = Non-inter-level travel time spent in this place.
 C = Inter-level travel time spent in this place.
 D = Time resting spent in this place.
 E = Time spent auto-exploring this place.
 F = Levels seen in this place.
 G = Mean time per level.
                   A        B        C        D        E       F      G
               +--------+--------+--------+--------+--------+-----+--------+
         Total |    434 |    434 |      0 |      0 |    280 |   3 |  144.7 |
         Abyss |    434 |    434 |      0 |      0 |    280 |   3 |  144.7 |
               +--------+--------+--------+--------+--------+-----+--------+

Top non-repeatable levels by time:
 Abyss:1: 338 daAuts
 Abyss:3: 70 daAuts
 Abyss:2: 25 daAuts
